 Dungeon Crawl Stone Soup version 0.23-a0-417-gf02c810 (webtiles) character file.

108 kidcy the Insei (level 4, 0/34 HPs)
             Began as a Barachi Transmuter on Nov 10, 2018.
             Slain by a gnoll
             ... wielding a +0 spear
              (7 damage)
             ... on level 3 of the Dungeon.
             The game lasted 00:09:13 (3791 turns).

kidcy the Insei (Barachi Transmuter)                Turns: 3791, Time: 00:09:14

Health: 0/34       AC:  3    Str: 11    XL:     4   Next: 87%
Magic:  2/7        EV: 12    Int: 15    God:
Gold:   72         SH:  0    Dex: 12    Spells: 1/7 levels left

rFire    . . .     SeeInvis +     - Unarmed
rCold    . . .     Gourm    .   (no shield)
rNeg     . . .     Faith    .   b - +1 robe
rPois    .         Spirit   .   (no helmet)
rElec    .         Reflect  .   (no cloak)
rCorr    .         Harm     .   (no gloves)
MR       .....                  (boots currently unavailable)
Stlth    +.........             (no amulet)
HPRegen  0.11/turn              c - ring of see invisible
MPRegen  0.10/turn              (no ring)

@: appendage, slow
A: +LOS, swims, talons 3, slowness 1, strong legs 1
a: Hop, End Transformation


You were on level 3 of the Dungeon.
You were not hungry.
You had grown temporary talons.
You visited 1 branch of the dungeon, and saw 3 of its levels.

You collected 72 gold pieces.

Inventory:

Missiles
 a - 47 arrows
Armour
 b - a +1 robe (worn)
Jewellery
 c - a ring of see invisible (left hand)
Scrolls
 g - a scroll of enchant weapon {unknown}
Comestibles
 d - 5 rations


   Skills:
 + Level 2.8 Fighting
 + Level 2.3 Armour
 - Level 2.1 Dodging
 + Level 4.0 Unarmed Combat
 - Level 2.1 Spellcasting
 - Level 3.2 Transmutations
 * Level 0.4 Poison Magic


You had one spell level left.
You knew the following spells:

 Your Spells              Type           Power        Failure   Level  Hunger
a - Beastly Appendage     Tmut           ##....       6%          1    #......
b - Sticks to Snakes      Tmut           ##......     9%          2    ###....
c - Spider Form           Tmut/Pois      #.........   30%         3    ###....

Your spell library contained the following spells:

 Spells                   Type           Power        Failure   Level  Hunger
 Ice Form                 Ice/Tmut       #.......     75%         4    #####..
 Blade Hands              Tmut           ##........   85%         5    ######.


Dungeon Overview and Level Annotations

Branches:
Dungeon (3/15)

Altars:
Makhleb
The Shining One


Innate Abilities, Weirdness & Mutations

Shadows flee at your approach. (+LOS)
You can swim through water.
You cover ground slowly.
You can hop short distances.
You have claws for feet.


Message History

You create a snake!
You now have 47 arrows.
The gnoll hits you from afar with a +0 spear.
You swap places.
The gnoll closely misses you.
Casting: Sticks to Snakes (safe; 9% risk of failure)
Confirm with . or Enter, or press ? or * to list all spells.
Your feet morph into talons.
The gnoll hits you from afar with a +0 spear.
The gnoll hits you with a +0 spear.
* * * LOW HITPOINT WARNING * * *
You barely miss the gnoll. You claw the gnoll!
The gnoll is heavily wounded.
Your ball python bites the gnoll but does no damage.
Your ball python grabs the gnoll.
Your ball python constricts the gnoll.
The gnoll hits you from afar with a +0 spear!
* * * LOW HITPOINT WARNING * * *
The gnoll hits you but does no damage.
Your ball python loses its grip on the gnoll.
The gnoll misses your ball python.
The gnoll hits you from afar with a +0 spear!
You die...

........##........####
.....................#
............[........#
......####...(†......#
##..........†(.......#
.......###..<........#
..........(...S......#
.............ggS.....#
..........######@#####
.......)#. #.....#
........#....#####
.....)..... ..........
........# ...#
#g.###### †.......#


You could see 2 gnolls and 2 friendly ball pythons.

Vanquished Creatures
  A gnoll (D:1)
  2 adders
  3 dart slugs
  A leopard gecko (D:1)
  2 orcs (D:3)
  7 bats
  2 giant cockroaches (D:1)
  6 hobgoblins
  6 jackals
  10 kobolds
  A ball python (D:1)
  2 frilled lizards (D:3)
  10 goblins
  8 rats (D:1)
61 creatures vanquished.

Vanquished Creatures (collateral kills)
  An adder (D:2)
1 creature vanquished.

Grand Total: 62 creatures vanquished

Notes
Turn   | Place    | Note
-------+----------+-------------------------------------------
     0 | D:1      | kidcy the Barachi Transmuter began the quest for the Orb.
     0 | D:1      | Reached XP level 1. HP: 15/15 MP: 3/3
    32 | D:1      | Reached XP level 2. HP: 21/21 MP: 3/5
   547 | D:1      | Reached skill level 1 in Armour
  1051 | D:1      | Learned a level 2 spell: Sticks to Snakes
  1114 | D:1      | Reached XP level 3. HP: 17/27 MP: 6/6
  1301 | D:1      | Found a glowing golden altar of the Shining One.
  2407 | D:2      | Reached XP level 4. HP: 34/34 MP: 7/7
  2656 | D:2      | Found a burning altar of Makhleb.
  2901 | D:2      | Reached skill level 4 in Unarmed Combat
  3259 | D:2      | Learned a level 3 spell: Spider Form
  3791 | D:3      | Slain by a gnoll

Vault maps used:
D:1:      scummos_arrival_hexagon, tso_altar
D:2:      first_ration, kennysheep_flooded_box
D:3:      zin_academy, uniq_grinder

Skill      XL: |  1  2  3  4 |
---------------+-------------+-----
Armour         | 1 2 |  2.3
Fighting       | 2 |  2.8
Transmutations | 3 |  3.2
Unarmed Combat | 4 |  4.0
Dodging        | |  2.1
Spellcasting   | |  2.1
Poison Magic   | |  0.4

Action                   |  1- 3 |  4- 6 || total
-------------------------+-------+-------++-------
Melee: Unarmed           |   170 |    60 ||   230
       Kick              |     9 |     6 ||    15
       Headbutt          |     1 |     1 ||     2
       Punch             |     1 |       ||     1
 Cast: Beastly Appendage |    11 |     6 ||    17
       Sticks to Snakes  |     2 |     3 ||     5
 Abil: Hop               |     1 |     1 ||     2
  Use: Scroll            |     5 |     2 ||     7
       Potion            |       |     1 ||     1
  Eat: Chunk             |     6 |     1 ||     7
       Ration            |       |     1 ||     1
Armor: Robe              |    59 |    19 ||    78
Dodge: Dodged            |   144 |    51 ||   195

Table legend:
 A = Non-vault XP
 B = Vault XP
 C = Vault XP percentage of total XP
 D = Non-vault monster count
 E = Vault monster count
 F = Vault count percentage of total count
                 A         B        C        D         E       F
            +---------+---------+-------+---------+---------+-------
      Total |     155 |       0 |   0.0 |      62 |       0 |   0.0
            +---------+---------+-------+---------+---------+-------
        D:1 |      64 |       0 |   0.0 |      31 |       0 |   0.0
        D:2 |      58 |       0 |   0.0 |      19 |       0 |   0.0
        D:3 |      33 |       0 |   0.0 |      12 |       0 |   0.0
            +---------+---------+-------+---------+---------+-------
